 Dungeon Crawl Stone Soup version 0.20-a0-893-g832831a (webtiles) character file.

38269 dvd the Basher (level 13, -8/144 HPs)
             Began as a Troll Hunter on Mar 16, 2017.
             Was a High Priest of Okawaru.
             Shot with an arrow by Nessos (21 damage)
             ... on level 6 of the Lair of Beasts.
             The game lasted 01:06:07 (15174 turns).

dvd the Basher (Troll Hunter)                      Turns: 15174, Time: 01:06:07

Health: -8/144     AC: 12    Str: 24      XL:     13   Next: 62%
Magic:  13/13      EV: 15    Int:  6 (7)  God:    Okawaru [*****.]
Gold:   543        SH:  0    Dex: 16      Spells: 0/12 levels left

rFire    + . .     SeeInvis +   a - +1 flail (venom)
rCold    + . .     Gourm    +   t - +0 troll leather armour
rNeg     . . .     Faith    .   (no shield)
rPois    +         Spirit   .   v - +1 hat
rElec    +         Reflect  .   (no cloak)
rCorr    +         Harm     .   (gloves unavailable)
MR       .....                  (boots unavailable)
Stlth    ++........             q - amulet of regeneration
Regen    1.6/turn               e - +3 ring of protection
MPRegen  0.2/turn               X - ring "Gob Ache" {rCorr Dex+3}

@: about to teleport, resistant
A: unfitting armour, claws 3, rugged brown scales 1, see invisible,
deterioration 1, fast metabolism 3, gourmand, regeneration 1, robust 1, shaggy
fur 1, tough skin 2, sturdy frame 1
a: Heroism, Finesse, Renounce Religion


You were on level 6 of the Lair of Beasts.
You worshipped Okawaru.
Okawaru was extremely pleased with you.
You were very full.

You visited 3 branches of the dungeon, and saw 16 of its levels.
You also visited: Sewer.

You collected 857 gold pieces.
You spent 314 gold pieces at shops.

Inventory:

Hand Weapons
 a - a +1 flail of venom (weapon)
 d - a +2 whip of flaming
 K - the +2 battleaxe "Utwyhear" {chop, rC+ Str+4}
   (Okawaru gifted it to you on level 5 of the Lair of Beasts)

   It inflicts extra damage upon your enemies.
   It affects your strength (+4).
   It protects you from cold.
 S - a +1 mace of crushing
Missiles
 x - 8 large rocks (quivered)
 y - 6 tomahawks of returning
 C - a poisoned javelin
 D - 3 javelins of penetration
 J - 5 tomahawks
Armour
 t - a +0 troll leather armour (worn)
 v - a +1 hat (worn)
 O - a +1 robe of magic resistance
Jewellery
 e - a +3 ring of protection (right claw)
 q - an amulet of regeneration (around neck)
 A - the ring of Baphyn {rCorr rF- MR+++ Int+4 Stlth+}
   (You found it on level 5 of the Lair of Beasts)

   [ring of resist corrosion]

   It affects your intelligence (+4).
   It makes you vulnerable to fire.
   It affects your resistance to hostile enchantments.
   It makes you more stealthy.
 Q - an uncursed ring of positive energy
 R - a +3 ring of intelligence
 T - an uncursed amulet of rage
 X - the ring "Gob Ache" (left claw) {rCorr Dex+3}
   (You bought it in a shop on level 9 of the Dungeon)

   [ring of resist corrosion]

   It affects your dexterity (+3).
Wands
 c - a wand of disintegration (11/24)
 l - a wand of acid (11/15)
 m - a wand of digging (14/24)
 B - a wand of disintegration (14/24)
 E - a wand of paralysis (12/24)
 G - a wand of iceblast (3/15)
 H - a wand of enslavement (12/24)
 V - a wand of flame (43/48)
 W - a wand of confusion (41/48)
 Y - a wand of acid (6/15)
Scrolls
 g - a scroll of fog
 j - 5 scrolls of identify
 n - 2 scrolls of amnesia
 p - 2 scrolls of recharging
 r - 3 scrolls of teleportation
 F - a scroll of remove curse
 M - a scroll of enchant weapon
Potions
 h - a potion of resistance
 o - a potion of heal wounds
 u - 2 potions of might
 w - a potion of mutation
 z - a potion of curing
 L - a potion of haste
 Z - a potion of flight
Comestibles
 b - 4 chunks of flesh
 f - 8 bread rations
 i - 6 royal jellies
 k - 22 fruits
 s - 4 meat rations


   Skills:
 + Level 8.4 Fighting
 + Level 6.0(9.1) Axes
 + Level 11.3(12.0) Maces & Flails
 + Level 9.3 Throwing
 + Level 2.9 Armour
 + Level 8.7 Dodging
 + Level 3.0 Stealth
 + Level 0.3 Translocations
 * Level 3.8 Air Magic
 + Level 2.0 Invocations
 + Level 1.5 Evocations


You couldn't memorise any spells.
You knew the following spells:

 Your Spells              Type           Power        Failure   Level  Hunger
a - Blink                 Tloc           N/A          77%         2    ###....
b - Deflect Missiles      Chrm/Air       #.........   100%        6    #######
c - Airstrike             Air            #.........   93%         4    #####..


Dungeon Overview and Level Annotations

Branches:
Dungeon (9/15)             Temple (1/1) D:7            Lair (6/6) D:9
  Swamp (0/4) Lair:3        Snake (0/4) Lair:3        Slime (0/5) Lair:6
    Orc (0/2) D:9

Altars:
Ashenzari
Cheibriados
Dithmenos
Elyvilon
Fedhas
Gozag
Hepliaklqana
Kikubaaqudgha
Makhleb
Nemelex Xobeh
Okawaru
Qazlal
Ru
Sif Muna
Trog
Uskayaw
Vehumet
Wu Jian
Xom
Yredelemnul
Zin
The Shining One

Shops:
D:7 [   D:9 **

Annotations:
Lair:2 exclusion: oklob plant
Lair:6 Nessos


Innate Abilities, Weirdness & Mutations

You are too large for most types of armour.
You have claws for hands.
Your metabolism is lightning-fast.
You like to eat raw meat.
Your natural rate of healing is unusually fast.
You are covered in fur. (AC +1)
You have very tough skin. (AC +2)
You are partially covered in rugged brown scales. (AC +1, +3% HP)
You have supernaturally acute eyesight. (SInv)
Your body sometimes deteriorates upon taking damage.
You are robust. (+10% HP)
Your movements are slightly less encumbered by armour. (ER -2)


Message History

You feel much better.
You feel sick.
Nessos blinks!
Nessos shoots an arrow.
The arrow closely misses you.
Unknown command.
As you read the scroll of teleportation, it crumbles to dust.
You feel strangely unstable.
You feel sick.
Nessos blinks!
Nessos shoots an arrow.
The arrow hits you!
* * * LOW HITPOINT WARNING * * *
The arrow burns you.
You are more poisoned.
* * * LOW HITPOINT WARNING * * *
As you read the scroll of fog, it crumbles to dust.
The scroll dissolves into smoke.
You feel sick.
Nessos shoots an arrow.
The arrow hits you!!
* * * LOW HITPOINT WARNING * * *
The arrow burns you.
* * * LOW HITPOINT WARNING * * *
Unknown command.
You feel better.
Nessos shoots an arrow.
The arrow closely misses you.
Nessos shoots an arrow.
The arrow hits you!!
You die...

. ######P..# ###
##.#####.#.#.#...##...#
###.##
..#.#.#.......#[#(..#
#....##
..............#(#..##
......#
..........#...#(...#
.....##
...c......##.P.((.#
.##..#
..§§..........(##.
##...#
#§§P.#...c.....(..
#..(##
#@§§...####.#####.
...## ##§§....##.# ##
..## §§.#..### #.
...####. ..... # ##
.8.....# P...$%P #
......... ##.....
8........ #.P.#
.......<. ....# #...# #
..8...... #... .##<.
...#


You could see Nessos.

Vanquished Creatures
  Josephine (Lair:5)
  Erica (Lair:1)
  A hydra (Lair:3)
  A catoblepas (Lair:6)
  4 death yaks (Lair:6)
  Sonja (Lair:2)
  Nergalle (Lair:2)
  Pikel (D:6)
  A lindwurm (Lair:6)
  2 black mambas (Lair:6)
  23 elephants
  Psyche (D:8)
  9 spiny frogs
  3 rime drakes
  7 komodo dragons
  2 trolls (D:9)
  2 polar bears (Lair:5)
  Prince Ribbit (D:5)
  A hornet (D:7)
  16 blink frogs
  4 hippogriffs
  A dream sheep (Lair:4)
  5 wraiths (Lair:5)
  A wyvern (Lair:3)
  Sigmund (D:5)
  19 yaks
  Eustachio (D:5)
  A basilisk (Lair:6)
  Menkaure (D:6)
  15 water moccasins
  An ice beast (D:8)
  A sky beast (D:9)
  3 porcupines
  3 orc warriors
  2 black bears (D:7)
  A phantom (D:8)
  4 ogres
  5 centaurs
  10 wolves
  12 crocodiles
  Blork the orc (D:6)
  14 bullfrogs
  A big kobold (D:7)
  A water moccasin skeleton (D:6)
  8 scorpions
  A howler monkey (D:8)
  2 crimson imps
  2 quasits
  A centaur zombie (D:6)
  3 jellies
  5 hounds
  A centaur skeleton (D:6)
  5 orc priests
  A bullfrog skeleton (D:6)
  2 iguanas (Lair:3)
  4 worker ants
  8 orc wizards
  2 worker ant zombies
  4 gnolls (D:5)
  8 adders
  6 river rats (D:5)
  A shadow imp (D:9)
  17 oozes
  An adder skeleton (D:4)
  4 worms
  2 dart slugs
  13 leopard geckos
  34 orcs
  18 giant cockroaches
  13 goblins
  13 hobgoblins
  12 jackals
  4 quokkas
  6 ball pythons (Sewer)
  5 bats
  19 frilled lizards
  A jackal skeleton (D:6)
  12 kobolds
  A leopard gecko skeleton (D:5)
  A quokka skeleton (D:4)
  26 rats
  2 bushes (Lair:6)
  A butterfly (Lair:6)
  A fungus (Lair:1)
  3 plants
460 creatures vanquished.

Vanquished Creatures (others)
  4 slaves (D:6)
  A worker ant zombie (D:6)
  8 fungi
  6 plants
19 creatures vanquished.

Grand Total: 479 creatures vanquished

Notes
Turn   | Place    | Note
-------+----------+-------------------------------------------
     0 | D:1      | dvd the Troll Hunter began the quest for the Orb.
     0 | D:1      | Reached XP level 1. HP: 19/19 MP: 0/0
   239 | D:1      | Reached XP level 2. HP: 27/27 MP: 1/1
   831 | D:1      | Reached XP level 3. HP: 31/33 MP: 2/2
  1577 | D:2      | Found a shimmering altar of Xom.
  1798 | D:2      | Reached XP level 4. HP: 42/42 MP: 3/3
  2336 | D:3      | Reached skill level 1 in Maces & Flails
  2449 | D:3      | Found a burning altar of Makhleb.
  2449 | D:3      | Found a shattered altar of Ashenzari.
  2450 | D:3      | Found a sparkling altar of Nemelex Xobeh.
  2807 | D:3      | Reached XP level 5. HP: 49/49 MP: 4/4
  3427 | D:4      | Reached skill level 2 in Maces & Flails
  3449 | D:4      | Found a deep blue altar of Sif Muna.
  3485 | D:4      | Reached skill level 5 in Throwing
  3668 | D:5      | Entered Level 5 of the Dungeon
  3671 | D:5      | Noticed Eustachio
  3683 | D:5      | Killed Eustachio
  3683 | D:5      | Reached skill level 1 in Stealth
  3683 | D:5      | Reached XP level 6. HP: 49/59 MP: 5/5
  3767 | D:5      | Noticed Sigmund
  3777 | D:5      | Reached skill level 3 in Maces & Flails
  3778 | D:5      | Reached XP level 7. HP: 60/66 MP: 6/6
  3790 | D:5      | Killed Sigmund
  3879 | D:5      | Noticed Prince Ribbit
  3881 | D:5      | Reached skill level 4 in Maces & Flails
  3926 | D:5      | Killed Prince Ribbit
  4081 | D:5      | Found a glowing drain.
  4088 | Sewer    | Entered a sewer
  4147 | Sewer    | Reached XP level 8. HP: 75/75 MP: 7/7
  4439 | Sewer    | Reached skill level 5 in Maces & Flails
  4932 | D:6      | Noticed Menkaure
  4939 | D:6      | Killed Menkaure
  4939 | D:6      | Reached skill level 6 in Maces & Flails
  5071 | D:6      | Noticed a seven-headed hydra
  5091 | D:6      | HP: 1/78 [seven-headed hydra (11)]
  5227 | D:6      | Noticed Pikel
  5278 | D:6      | Killed Pikel
  5278 | D:6      | Reached XP level 9. HP: 24/84 MP: 8/8
  5385 | D:6      | Noticed Blork the orc
  5395 | D:6      | Killed Blork the orc
  5485 | D:6      | Reached skill level 5 in Dodging
  5890 | D:7      | Found a hide-covered altar of Uskayaw.
  5973 | D:7      | Found an iron altar of Okawaru.
  5984 | D:7      | Became a worshipper of Warmaster Okawaru
  6076 | D:7      | Found Neklounk's Armour Emporium.
  6120 | D:7      | Bought a +1 hat for 154 gold pieces
  6124 | D:7      | Reached skill level 7 in Maces & Flails
  6252 | D:7      | Found a staircase to the Ecumenical Temple.
  6277 | D:7      | Found a hazy altar of Hepliaklqana.
  6319 | D:7      | Learned a level 2 spell: Blink
  6406 | D:7      | Found a white marble altar of Elyvilon.
  6407 | D:7      | Found a blossoming altar of Fedhas.
  6410 | D:7      | Found a snail-covered altar of Cheibriados.
  6421 | D:7      | Found an ornate altar of the Wu Jian Council.
  6528 | D:7      | Reached * piety under Okawaru
  6556 | D:8      | Noticed Psyche
  6558 | D:8      | Killed Psyche
  6558 | D:8      | Reached XP level 10. HP: 93/94 MP: 9/9
  6669 | D:8      | Reached skill level 5 in Fighting
  6753 | D:8      | Found an iron altar of Okawaru.
  6932 | D:8      | Reached ** piety under Okawaru
  7335 | Temple   | Entered the Ecumenical Temple
  7927 | D:9      | Found Gozag's Platinum Reserve.
  7931 | D:9      | Found an opulent altar of Gozag.
  8128 | D:9      | Reached skill level 8 in Maces & Flails
  8130 | D:9      | Found a staircase to the Orcish Mines.
  8142 | D:9      | Gained mutation: Your movements are slightly less encumbered by armour. (ER -2) [mutagenic meat]
  8143 | D:9      | Gained mutation: You have a pair of small horns on your head. [mutagenic meat]
  8146 | D:9      | Gained mutation: You are partially covered in rugged brown scales. (AC +1, +3% HP) [mutagenic meat]
  8148 | D:9      | Gained mutation: You are robust. (+10% HP) [mutagenic meat]
  8436 | D:9      | Found Toon's Assorted Antiques.
  8448 | D:9      | Found a shadowy altar of Dithmenos.
  8453 | D:9      | Bought a faintly glowing marble ring for 160 gold pieces
  8454 | D:9      | Identified the ring "Gob Ache" {rCorr Dex+3} (You bought it in a shop on level 9 of the Dungeon)
  8533 | D:9      | Found a staircase to the Lair.
  8857 | Lair:1   | Entered Level 1 of the Lair of Beasts
  8908 | Lair:1   | Reached skill level 1 in Armour
  8922 | Lair:1   | Noticed Erica
  8956 | Lair:1   | Killed Erica
  8956 | Lair:1   | Reached *** piety under Okawaru
  9045 | Lair:1   | Reached skill level 9 in Maces & Flails
  9112 | Lair:1   | Reached XP level 11. HP: 51/118 MP: 10/10
  9304 | Lair:1   | Reached **** piety under Okawaru
  9398 | Lair:1   | Got a sparkling steel ring
  9400 | Lair:1   | Identified the ring of Akacax {rCorr Int+5 Dex-4} (You found it on level 1 of the Lair of Beasts)
  9463 | Lair:1   | Found an iron altar of Okawaru.
  9573 | Lair:1   | Received a gift from Okawaru
  9601 | Lair:1   | Learned a level 6 spell: Deflect Missiles
 10199 | Lair:2   | Lost mutation: You have a pair of small horns on your head. [potion of mutation]
 10199 | Lair:2   | Lost mutation: You are robust. (+10% HP) [potion of mutation]
 10199 | Lair:2   | Gained mutation: You have supernaturally acute eyesight. (SInv) [potion of mutation]
 10199 | Lair:2   | Gained mutation: Your body sometimes deteriorates upon taking damage. [potion of mutation]
 10199 | Lair:2   | Gained mutation: You are robust. (+10% HP) [potion of mutation]
 10431 | Lair:2   | Noticed Sonja
 10438 | Lair:2   | Noticed Nergalle
 10792 | Lair:2   | Killed Nergalle
 10941 | Lair:2   | Killed Sonja
 10941 | Lair:2   | Reached ***** piety under Okawaru
 10994 | Lair:2   | Noticed an oklob plant
 11020 | Lair:2   | Reached skill level 1 in Evocations
 11151 | Lair:3   | Received a gift from Okawaru
 11221 | Lair:3   | Found a staircase to the Snake Pit.
 11319 | Lair:3   | Reached skill level 1 in Invocations
 11372 | Lair:3   | Reached skill level 10 in Maces & Flails
 11424 | Lair:3   | Found a staircase to the Swamp.
 11424 | Lair:3   | Noticed a seven-headed hydra
 11436 | Lair:3   | Killed a seven-headed hydra
 11705 | Lair:3   | Received a gift from Okawaru
 12115 | Lair:4   | Reached XP level 12. HP: 122/133 MP: 9/12
 12677 | Lair:4   | Received a gift from Okawaru
 12971 | Lair:4   | Received a gift from Okawaru
 12973 | Lair:4   | Reached skill level 1 in Axes
 13371 | Lair:5   | Reached skill level 1 in Air Magic
 13484 | Lair:5   | Received a gift from Okawaru
 13487 | Lair:5   | Got a smoking battleaxe {god gift}
 13488 | Lair:5   | Identified the +2 battleaxe "Utwyhear" {chop, rC+ Str+4} (Okawaru gifted it to you on level 5 of the Lair of Beasts)
 13492 | Lair:5   | Reached skill level 11 in Maces & Flails
 13897 | Lair:5   | Got a warped glass ring
 13899 | Lair:5   | Identified the ring of Baphyn {rCorr rF- MR+++ Int+4 Stlth+} (You found it on level 5 of the Lair of Beasts)
 14095 | Lair:5   | Noticed Josephine
 14103 | Lair:5   | Killed Josephine
 14108 | Lair:5   | Reached XP level 13. HP: 23/143 MP: 13/13
 14230 | Lair:6   | Entered Level 6 of the Lair of Beasts
 14333 | Lair:6   | Learned a level 4 spell: Airstrike
 14358 | Lair:6   | Received a gift from Okawaru
 14485 | Lair:6   | Received a gift from Okawaru
 14523 | Lair:6   | Received a gift from Okawaru
 14592 | Lair:6   | Reached skill level 5 in Axes
 14768 | Lair:6   | Received a gift from Okawaru
 14981 | Lair:6   | Received a gift from Okawaru
 15129 | Lair:6   | Found a staircase to the Slime Pits.
 15138 | Lair:6   | Noticed Nessos
 15173 | Lair:6   | HP: 5/144 [Nessos/arrow (30)]
 15173 | Lair:6   | HP: 1/144 [Nessos/arrow (4)]
 15174 | Lair:6   | Shot with an arrow by Nessos

Vault maps used:
D:1:      dpeg_arrival_ternary
D:2:      wad_crossroads, lemuel_doored_altar, small_statue_intersection
D:3:      gammafunk_temple_overflow_claw
D:4:      lemuel_coloured_pillars_altar, first_bread
D:5:      gup_sewer_entry_bubbles, dk_rats_in_the_wall, uniq_eustachio,
          uniq_prince_ribbit1, uniq_sigmund
D:6:      uniq_menkaure, uniq_pikel, uniq_blork_the_orc
D:7:      overflow_temple_1_default, grunt_temple_overflow_cloverleaf,
          overflow_temple_1_default, lemuel_round_altar, temple_fountains,
          serial_shops, shop
D:8:      basic_altar, uniq_psyche
D:9:      nicolae_dithmenos_the_darkroom, lair_entry_dummy, erik_orc_3,
          serial_shops, nicolae_shop_overgrown_old_shop,
          nicolae_gozag_zags_fifth_avenue
Temple:   compressed_dpeg_triangle_lava_temple
Lair:1:   beast_lair_carwin_large_3, basic_altar, st_stairs_4,
          grunt_megastairs_4, uniq_erica
Lair:2:   lemuel_fruit_tree, serial_bayou_shore_b, minmay_lair_oklob_chamber,
          uniq_nergalle, uniq_sonja
Lair:3:   minmay_swamp_entry_reptiles, dummy_snake_entry
Lair:5:   beast_lair_carwin_5, uniq_josephine
Lair:6:   evilmike_catoblepas_cave, nicolae_slime_entry_slimehenge,
          lemuel_fruit_fields, uniq_nessos
Sewer:    sewer_frog_island_02

Skill      XL: |  1  2  3  4  5  6  7  8  9 10 11 12 13 |
---------------+----------------------------------------+-----
Throwing       | 4 5 6 7 8 9 |  9.3
Dodging        | 2 3 4 5 6 7 8 |  8.7
Maces & Flails | 1 2 3 4 6 7 9 10 11 | 11.3
Fighting       | 2 3 4 6 7 8 |  8.4
Stealth        | 1 2 3 |  3.0
Armour         | 2 |  2.9
Evocations     | 1 |  1.5
Invocations    | 1 2 |  2.0
Axes           | 3 6 |  6.0
Air Magic      | 2 3 |  3.8
Translocations | |  0.3

Action                   |  1- 3 |  4- 6 |  7- 9 | 10-12 | 13-15 || total
-------------------------+-------+-------+-------+-------+-------++-------
Melee: Club              |   143 |    39 |       |       |       ||   182
       Short sword       |     5 |       |       |       |       ||     5
       Flail             |       |    67 |   408 |   395 |    99 ||   969
       Mace              |       |       |       |   182 |       ||   182
       Headbutt          |       |       |       |    57 |       ||    57
       Whip              |       |       |       |    23 |       ||    23
       Punch             |       |       |       |     5 |     2 ||     7
       Battleaxe         |       |       |       |    52 |    70 ||   122
       War axe           |       |       |       |    39 |       ||    39
Throw: Large rock        |    32 |    33 |    51 |    58 |    41 ||   215
       Throwing net      |       |       |     5 |     2 |       ||     7
       Tomahawk          |       |       |    10 |   117 |    10 ||   137
       Javelin           |       |       |       |     8 |     6 ||    14
Invok: Heroism           |       |       |       |    24 |     5 ||    29
       Finesse           |       |       |       |       |     1 ||     1
 Abil: Evoke Berserk Rag |       |       |       |     1 |       ||     1
Evoke: Wand              |       |       |     3 |     5 |       ||     8
  Use: Scroll            |       |       |    12 |     6 |     4 ||    22
       Potion            |       |       |       |    14 |     5 ||    19
 Stab: Sleeping          |     1 |     1 |     2 |     2 |       ||     6
  Eat: Chunk             |    23 |    15 |    31 |    74 |    11 ||   154
       Fruit             |       |       |       |     1 |       ||     1
Armor: Robe              |    62 |    39 |   227 |   167 |     1 ||   496
       Troll leather arm |       |       |       |    52 |    70 ||   122
Dodge: Dodged            |    99 |    71 |   300 |   540 |   134 ||  1144
